 Dungeon Crawl Stone Soup version 0.31-a0-691-g409c26aa35 (webtiles) character file.

Game seed: 15356320190368910369

341531 Xavori the Imperceptible (level 22, -8/196 HPs)
             Began as an Octopode Chaos Knight on Sept 7, 2023.
             Was a Favourite Plaything of Xom.
             Killed from afar by a Brimstone Fiend (37 damage)
             ... with damnation
             ... summoned by Asterion
             ... on level 4 of the Vaults.
             The game lasted 01:24:11 (44073 turns).

Xavori the Imperceptible (Octopode Chaos Knight)   Turns: 44073, Time: 01:24:13

Health: -8/196     AC: 46    Str: 15 (16) XL:     22   Next: 1%
Magic:  31/31      EV: 25    Int: 21      God:    Xom [*.....]
Gold:   2570       SH: 15    Dex: 27      Spells: 19/21 levels left

rFire   + + +        k - +6 rapier (protect)
rCold   + + +        r - +0 kite shield "Zoroweir" {Int-3 Dex+5 Slay+3}
rNeg    + + .        n - +2 hat
rPois   ∞            I - amulet of regeneration
rElec   +            H - ring "Iguezaal" {rF++ rC+ Will+ Int+4}
rCorr   .            z - +4 ring of protection
SInv    +            E - ring of Happiness {Slay+4 Stlth+}
Will    ++++.        L - ring of flight Stlth **++++++++
                     a - ring of see invisible
HPRegen 1.32/turn    Z - ring "Roijiat" {rF+ rC+ Will+ Int-3}
MPRegen 0.22/turn    Y - ring of Cautet {rF++ MP+9}
                     U - ring "Kaaschoh" {rPois rN+ Str+3 Int+2 Stlth+}

%: no passive effects
@: statue-form, under a protective aura, flying, very slow
A: slow and powerful, torment resistance 1, boosted hp, almost no armour,
amphibious, 8 rings, camouflage 1, (gelatinous body 1), (nimble swimmer 1),
tentacles, antennae 1, fangs 1, tentacle spike 2, (iridescent scales 1), agile
1, clever 2, cold resistance 2, fire resistance 2, strong-willed 1, sense
surroundings 2, strong 1, MP-powered wands
}: 2/15 runes: decaying, serpentine
a: Begin Untransformation, Renounce Religion


You were on level 4 of the Vaults.
You worshipped Xom.
You were a special plaything of Xom.
You were a living statue of rough stone.
You visited 7 branches of the dungeon, and saw 37 of its levels.
You also visited: Sewer, Bailey and Gauntlet.

You collected 4451 gold pieces.
You spent 1881 gold pieces at shops.

Inventory:

Hand Weapons
 k - a +6 rapier of protection (weapon)
Armour
 n - a +2 hat (worn)
 r - the +0 kite shield "Zoroweir" (worn) {Int-3 Dex+5 Slay+3}
   (You took it off Donald on level 3 of the Vaults)

   Int-3:     It affects your intelligence (-3).
   Dex+5:     It affects your dexterity (+5).
   Slay+3:    It affects your accuracy & damage with ranged weapons and melee
   (+3).
 R - a +2 kite shield of protection
Jewellery
 a - a ring of see invisible (on tentacle)
 z - a +4 ring of protection (right tentacle)
 E - the ring of Happiness (on tentacle) {Slay+4 Stlth+}
   (You found it in a bailey)

   [ring of slaying]

   Slay+4:    It affects your accuracy & damage with ranged weapons and melee
   (+4).
   Stlth+:    It makes you more stealthy.
 H - the ring "Iguezaal" (left tentacle) {rF++ rC+ Will+ Int+4}
   (You found it on level 2 of the Lair of Beasts)

   [ring of willpower]

   Int+4:     It affects your intelligence (+4).
   rF++:      It greatly protects you from fire.
   rC+:       It protects you from cold.
   Will+:     It increases your willpower.
 I - an amulet of regeneration (around mantle)
 L - a ring of flight (on tentacle)
 U - the ring "Kaaschoh" (on tentacle) {rPois rN+ Str+3 Int+2 Stlth+}
   (You bought it in a shop on level 2 of the Elven Halls)

   [ring of positive energy]

   Str+3:     It affects your strength (+3).
   Int+2:     It affects your intelligence (+2).
   rPois:     It protects you from poison rN+: It protects you from negative
   energy.
   Stlth+:    It makes you more stealthy.
 Y - the ring of Cautet (on tentacle) {rF++ MP+9}
   (You found it on level 15 of the Dungeon)

   [ring of magical power]

   rF++:      It greatly protects you from fire.
   MP+9:      It affects your magic capacity (+9).
 Z - the ring "Roijiat" (on tentacle) {rF+ rC+ Will+ Int-3}
   (You acquired it on level 15 of the Dungeon)

   [ring of protection from cold]

   Int-3:     It affects your intelligence (-3).
   rF+:       It protects you from fire.
   rC+:       It protects you from cold.
   Will+:     It increases your willpower.
Talismans
 w - a talisman of death
 D - a granite talisman (active)
Wands
 v - a wand of mindburst (80)
 A - a wand of light (15)
 K - a wand of digging (19)
 S - a wand of roots (17)
Scrolls
 b - a scroll of butterflies
 d - 10 scrolls of fear
 e - 8 scrolls of amnesia
 i - 13 scrolls of teleportation
 m - 8 scrolls of poison
 p - a scroll of summoning
 y - 3 scrolls of fog
 J - 4 scrolls of enchant weapon
 M - a scroll of enchant armour
 N - 5 scrolls of revelation
 Q - 4 scrolls of blinking
 T - 4 scrolls of identify
 X - 2 scrolls of brand weapon
Potions
 c - 6 potions of brilliance
 f - 5 potions of lignification
 g - 6 potions of haste
 h - 6 potions of might
 j - 5 potions of cancellation
 l - 2 potions of ambrosia
 o - 13 potions of curing
 q - 8 potions of heal wounds
 t - 6 potions of invisibility
 x - 8 potions of mutation
 C - 2 potions of resistance {unknown}
 F - a potion of berserk rage
 G - 6 potions of magic
 O - a potion of attraction
 P - 8 potions of enlightenment
Miscellaneous
 s - a box of beasts
 V - a condenser vane
 W - a phial of floods


   Skills:
 - Level 12.9 Fighting
 - Level 15.4 Short Blades
 - Level 14.1 Dodging
 - Level 24.0 Stealth
 - Level 11.6 Shields
 - Level 7.9 Evocations
 * Level 21.0 Shapeshifting


You had 19 spell levels left.
You knew the following spells:

 Your Spells              Type           Power      Damage    Failure   Level
a - Blink                 Tloc           0%         N/A       50%         2

Your spell library contained the following spells:

 Spells                   Type           Power      Damage    Failure   Level
 Apportation              Tloc           0%         N/A       36%         1
 Freeze                   Ice            0%         1d3       36%         1
 Kiss of Death            Conj/Necr      0%         2d5       36%         1
 Necrotise                Necr           0%         1d4       36%         1
 Sandblast                Erth           0%         2d4       36%         1
 Sting                    Tmut/Pois      0%         1d3       36%         1
 Summon Small Mammal      Summ           0%         N/A       36%         1
 Cigotuvi's Dreadful Rot  Necr/Pois/Air  0%         N/A       50%         2
 Lesser Beckoning         Tloc           0%         N/A       50%         2
 Momentum Strike          Conj/Tloc      0%         3d8       50%         2
 Passwall                 Tmut/Erth      0%         N/A       50%         2
 Poisonous Vapours        Pois/Air       0%         N/A       50%         2
 Dazzling Flash           Conj/Hex       0%         N/A       73%         3
 Frozen Ramparts          Ice            0%         1d1       73%         3
 Hailstorm                Conj/Ice       0%         3d3       73%         3
 Ignite Poison            Fire/Tmut/Pois 0%         N/A       73%         3
 Mephitic Cloud           Conj/Pois/Air  0%         N/A       73%         3
 Ozocubu's Armour         Ice            0%         N/A       73%         3
 Stone Arrow              Conj/Erth      0%         3d7       73%         3
 Vampiric Draining        Necr           0%         2d6       73%         3
 Volatile Blastmotes      Fire/Tloc      0%         2d10      73%         3
 Anguish                  Hex/Necr       0%         N/A       98%         4
 Cause Fear               Hex            0%         N/A       98%         4
 Fulminant Prism          Conj/Hex       0%         3d5       98%         4
 Iskenderun's Mystic Bla  Conj/Tloc      0%         2d3       98%         4
 Olgreb's Toxic Radiance  Pois           0%         N/A       98%         4
 Petrify                  Tmut/Erth      0%         N/A       98%         4
 Summon Ice Beast         Ice/Summ       0%         N/A       98%         4
 Summon Lightning Spire   Summ/Air       0%         N/A       98%         4
 Agony                    Necr           0%         N/A       100%        5
 Borgnjor's Vile Clutch   Necr/Erth      0%         N/A       100%        5
 Freezing Cloud           Conj/Ice/Air   0%         6-21      100%        5
 Iskenderun's Battlesphe  Conj           0%         2d6       100%        5
 Lee's Rapid Deconstruct  Erth           0%         3d4*      100%        5
 Metabolic Englaciation   Hex/Ice        0%         N/A       100%        5
 Silence                  Hex/Air        0%         N/A       100%        5
 Summon Mana Viper        Hex/Summ       0%         N/A       100%        5
 Leda's Unmaking          Conj/Erth      0%         9d1       100%        6
 Simulacrum               Ice/Necr       0%         N/A       100%        6
 Enfeeble                 Hex            0%         N/A       100%        7
 Monstrous Menagerie      Summ           0%         N/A       100%        7
 Spellforged Servitor     Conj/Summ      0%         N/A       100%        7
 Lehudib's Crystal Spear  Conj/Erth      0%         10d2      100%        8
 Chain Lightning          Conj/Air       0%         N/A       100%        9
 Death's Door             Necr           0%         N/A       100%        9
 Fire Storm               Conj/Fire      0%         5d1       100%        9
 Shatter                  Erth           0%         3d5*      100%        9
 Animate Armour           Summ/Erth      Unusable   N/A       N/A         4

Dungeon Overview and Level Annotations

Branches:
Dungeon (15/15)            Temple (0/1) D:4            Lair (5/5) D:10
  Swamp (4/4) Lair:3        Snake (4/4) Lair:3        Slime (0/5) Lair:4
    Orc (2/2) D:10            Elf (3/3) Orc:2        Vaults (4/5) D:14
  Crypt (0/3) Vaults:2     Depths (0/4) D:15          Sewer (visited)
 Bailey (visited)         Gauntlet (visited)

Altars:
Elyvilon
Fedhas
Gozag
Makhleb
Nemelex Xobeh
Okawaru
Trog
Uskayaw
Vehumet
Wu Jian
Xom
Yredelemnul
The Shining One
Jiyva

Shops:
D:1 !   D:4 !   D:6 (**:   Orc:1 [   Orc:2 ([:[   Elf:2 =::   Snake:2 (:*
Snake:3 (!   Snake:4 (:**   Vaults:2 *(:   Vaults:3 ?

Portals:
Trove: D:12 (give +6 demon whip)

Annotations:
D:8 2 transporters, anansati's ghost, novice TeBr
Lair:4 exclusion: oklob plant
Lair:5 1 runed translucent door
Swamp:3 2 transporters, Rualuul's ghost, adept MfBe
Elf:2 3 runed translucent doors
Vaults:4 3 runed translucent doors, Asterion; justen's ghost, veteran HOFi


Innate Abilities, Weirdness & Mutations

You are a living statue of rough stone.
Your actions are slow, but your melee attacks are powerful.
You are resistant to unholy torment.
Your maximum health is greatly increased.
You cannot wear most types of armour.
You are amphibious.
You can wear up to eight rings at the same time.
You are immune to poison.
Your skin changes colour to match your surroundings (Stealth+).
((Your rubbery body absorbs attacks. (AC +1, EV +1)))
((You are camouflaged when in or above water. (Stealth+)))
You have tentacles for arms and can constrict up to eight enemies at once.
You have a pair of small antennae on your head.
You have very sharp teeth.
One of your tentacles bears a nasty spike.
((You are partially covered in iridescent scales. (AC +2)))
You are agile. (Dex +4, Str/Int -1)
Your mind is very acute. (Int +8, Str/Dex -2)
Your flesh is very cold resistant. (rC++)
Your flesh is very heat resistant. (rF++)
You are strong-willed. (Will+)
You passively map the area around you.
Your muscles are strong. (Str +4, Int/Dex -1)
You expend magic power (3 MP) to strengthen your wands.


Message History

The Executioner misses you.
The Executioner hits you but does no damage.
You impale the ancient champion!!
You pierce the ancient champion, but do no damage.
You bite the ancient champion, but do no damage.
You squeeze the ancient champion, but do no damage.
The ancient champion is almost destroyed.
You constrict the ancient champion. You constrict the vault guard.
The Executioner hits you! You block the Executioner's attack. x2
Asterion misses you. You block Asterion's attack.
The Executioner barely misses you.
The Executioner hits you but does no damage.
You block the Executioner's attack.
The Executioner completely misses you. x2
The Executioner hits you but does no damage.
Asterion barely misses you. Asterion gores you.
The ancient champion casts a spell at you.
The entropic shot hits you!!
* * * LOW HITPOINT WARNING * * *
The vault guard misses you.
Unknown command.
You impale the ancient champion!!
You destroy the ancient champion!
You constrict the vault guard. "Hum-dee-hum-dee-hum..."
The Executioner evaporates and reforms as a Brimstone Fiend!
Asterion hits you with a +0 spectral morningstar!
* * * LOW HITPOINT WARNING * * *
The +0 spectral morningstar barely misses you.
Asterion gores you but does no damage. You block the vault guard's attack.
A +0 spectral morningstar comes into view.
Unknown command.
Blink to where?
Press: ? - help, Dir - move target You lose your grip on the vault guard.
As you read the scroll of blinking, it crumbles to dust.
The +0 spectral morningstar disappears.
The Brimstone Fiend gestures at you.
The sphere of damnation explodes!
The damnation engulfs you!!!
You die...
Xom laughs nastily!

....## ##....# , #....# #....##
#....#* *##.)..## * ' + ....##
##§p..## ..### ,, ##.1..## , ,
### * ##H.).## * * # , , ##....##
* * ,, , , ##....# * **,* * ,
#.8.^## * , # , ##...## , , ##*,
,, #...## * ** .# , ##..## , .# ,
#..## *, , .# ..# #.## * *
########'####'###################
................................#
............."..................#


You could see Asterion (fast), a Brimstone Fiend (summoned) and a vault guard.

Vanquished Creatures
  Bai Suzhen (Elf:3)
  Saint Roka (Orc:2)
  Vashnia (Snake:4)
  Norris (Vaults:3)
  4 deep elf master archers (Elf:3)
  A sphinx (Vaults:2)
  An ancient champion (Vaults:4)
  Kirke (Lair:3)
  Gastronok (Lair:1)
  2 thorn hunters (Swamp:4)
  Frances (Swamp:2)
  Roxanne (Snake:4)
  Aizul (Snake:1)
  Agnes (Vaults:4)
  Donald (Vaults:3)
  16 nagarajas
  5 deep elf elementalists (Elf:3)
  4 vault wardens
  9 deep elf sorcerers (Elf:3)
  Louise (Snake:4)
  An orc warlord (Vaults:3)
  9 ironbound preservers
  A spriggan defender (Vaults:4)
  A stone giant (Vaults:1)
  A war gargoyle (Vaults:4)
  6 eleionomae
  9 ironbound thunderhulks
  6 deep elf demonologists (Elf:3)
  10 deep elf annihilators (Elf:3)
  A vampire knight (Vaults:4)
  4 bunyips
  19 dire elephants
  Azrael (D:12)
  A minotaur (Gauntlet)
  2 crystal guardians
  5 deep elf death magi
  Josephine (D:10)
  An entropy weaver (Vaults:1)
  22 hydras
  Fannar (D:12)
  A shambling mangrove (Swamp:4)
  4 vault guards (D:14)
  7 great orbs of eyes
  4 deep elf high priests (Elf:3)
  A salamander tyrant (Snake:2)
  Erolcha (D:10)
  10 ironbound frosthearts
  7 yaktaur captains
  A spriggan air mage (Swamp:1)
  4 catoblepae
  2 death knights
  5 anacondas
  2 peacekeepers
  3 ogre magi
  4 boulder beetles
  8 alligators
  15 centaur warriors
  2 tengu warriors
  11 two-headed ogres
  16 naga warriors
  3 vampire magi (Vaults:2)
  12 death yaks
  A deep troll earth mage (D:15)
  29 dancing weapons
  7 shock serpents
  Urug (D:11)
  An orc high priest (Elf:1)
  9 deep elf knights
  A skeletal warrior (D:14)
  18 naga sharpshooters
  3 salamander mystics
  4 skysharks (Vaults:3)
  3 goliath frogs
  A spriggan druid (Swamp:1)
  2 sea snakes (Snake:1)
  An iron troll (Orc:2)
  16 deep trolls
  11 naga ritualists
  A flayed ghost (D:9)
  8 ironbound convokers
  10 bog bodies
  11 swamp dragons
  8 deep elf archers
  A phantasmal warrior (Vaults:2)
  A wizard (Vaults:1)
  4 lindwurms
  A harpy (shapeshifter) (Vaults:3)
  5 orc knights
  23 deep elf zephyrmancers
  9 mana vipers
  8 ugly things
  35 deep elf pyromancers
  11 cyclopes
  2 will-o-the-wisps
  6 manticores
  A moth of wrath (D:12)
  14 salamanders
  2 gargoyles
  5 guardian serpents (Snake:4)
  24 black mambas
  7 elephants
  A guardian serpent (shapeshifter) (D:3)
  15 cane toads
  20 naga magi
  A water nymph (shapeshifter) (Elf:3)
  11 vault sentinels
  A torpor snail (D:10)
  7 rime drakes
  8 komodo dragons
  21 yaktaurs
  A rime drake (shapeshifter) (D:15)
  An efreet (Gauntlet)
  4 freezing wraiths
  A komodo dragon (shapeshifter) (D:9)
  2 tengu conjurers (D:15)
  13 trolls
  A bloated husk (Swamp:1)
  A tarantella (shapeshifter) (D:15)
  4 hornets
  Grinder (D:5)
  16 blink frogs
  4 tyrant leeches
  24 slime creatures
  4 water elementals
  A spriggan (shapeshifter) (D:15)
  2 shadows
  2 spriggans (Swamp:4)
  6 wraiths
  2 fire bats (Gauntlet)
  Sigmund (D:6)
  A vampire (D:13)
  A human (Lair:5)
  12 wyverns
  Grum (D:8)
  12 basilisks
  A hog (Lair:3)
  43 yaks
  9 fire elementals
  3 steam dragons
  19 swamp worms
  8 vampire mosquitoes
  3 wargs
  45 nagas
  2 acid dragons
  9 water moccasins
  4 hell hounds
  5 ice beasts
  31 orc warriors
  A meliai simulacrum (D:14)
  A sky beast (D:7)
  7 swamp drakes
  4 boggarts
  2 black bears
  24 ogres
  18 centaurs
  2 phantoms (D:7)
  2 wolves (D:8)
  A kobold brigand (D:10)
  Blork the orc (D:6)
  7 bullfrogs
  3 gnoll sergeants
  A scorpion (D:5)
  3 wights (D:6)
  4 killer bees
  3 electric eels (Snake:1)
  A howler monkey (D:11)
  4 jellies
  14 orc priests
  A gnoll bouda (D:9)
  A sleepcap (D:6)
  7 iguanas
  19 orc wizards
  9 hell rats
  A killer bee zombie (D:5)
  A hound zombie (D:5)
  18 gnolls
  4 river rats (Sewer)
  5 adders
  3 shadow imps
  A white imp (D:6)
  An ufetubus (D:6)
  2 worms
  A dart slug (D:4)
  65 orcs
  13 endoplasms
  7 giant cockroaches
  7 hobgoblins
  A jackal (Bailey)
  A quokka (D:5)
  12 ball pythons
  5 bats
  7 frilled lizards
  9 goblins
  11 kobolds
  6 rats
1290 creatures vanquished.

Vanquished Creatures (collateral kills)
  A thorn hunter (Swamp:4)
  A deep elf elementalist (Elf:3)
  A deep elf death mage (Elf:3)
  2 hydras
  A two-headed ogre (Orc:2)
  A deep elf knight (Elf:2)
  A swamp dragon (Swamp:4)
  A naga ritualist (Snake:4)
  2 deep elf pyromancers
  An ugly thing (D:14)
  A manticore (D:15)
  A troll (Orc:2)
  2 yaks
  2 swamp drakes (Swamp:4)
  3 ogres (Orc:2)
  4 orcs
25 creatures vanquished.

Vanquished Creatures (others)
  A salamander tyrant (Snake:4)
  2 death yaks (Lair:5)
  A dancing weapon (Elf:2)
  A deep elf knight (Elf:1)
  An elephant (Lair:2)
  A black mamba (Snake:3)
  2 humans (Lair:3)
  2 yaks
  A water moccasin (Lair:3)
  An orc priest (D:11)
  3 orc wizards
  A white imp (D:7)
  5 orcs
22 creatures vanquished.

Grand Total: 1337 creatures vanquished

Notes
Turn   | Place    | Note
-------+----------+-------------------------------------------
     0 | D:1      | Xavori the Octopode Chaos Knight began the quest for the
                  | Orb.
     0 | D:1      | Reached XP level 1. HP: 16/16 MP: 1/1
    68 | D:1      | XOM: silly message
   161 | D:1      | Reached XP level 2. HP: 18/21 MP: 2/2
   385 | D:1      | Found Xuontog's Distillery.
   529 | D:1      | You fall into a shaft and drop 1 floor!
   592 | D:2      | Reached skill level 1 in Stealth
   664 | D:2      | Reached XP level 3. HP: 26/26 MP: 3/3
   726 | D:2      | Found a bloodstained altar of Trog.
  1025 | D:2      | Found a faded altar of an unknown god.
  1025 | D:2      | XOM: 8-stop teleportation journey
  1072 | D:2      | XOM: divination: detect items
  1249 | D:1      | XOM: god gift: longbow {god gift}
  1736 | D:1      | XOM: give mutations
  1736 | D:1      | Gained mutation: You are strong-willed. (Will+) [Xom's
                  | grace]
  1736 | D:1      | Gained mutation: You possess an exceptional clarity of
                  | mind. [Xom's grace]
  1736 | D:1      | Gained mutation: Your flesh is heat resistant. (rF+) [Xom's
                  | grace]
  1789 | D:1      | XOM: give mutations
  1789 | D:1      | Gained mutation: You do not regenerate when monsters are
                  | visible. [Xom's mischief]
  1789 | D:1      | Gained mutation: You are dopey. (Int -2) [Xom's mischief]
  1789 | D:1      | Gained mutation: You occasionally lose the ability to read
                  | scrolls when taking damage. [Xom's mischief]
  1789 | D:1      | Gained mutation: You are somewhat resistant to further
                  | mutation. [Xom's mischief]
  2340 | D:1      | XOM: god gift: 7 stones
  2400 | D:1      | XOM is BORED!
  2400 | D:1      | XOM: stat loss: -1 Int (11/12)
  2464 | D:1      | XOM: god gift: 6 stones
  2809 | D:1      | XOM: give mutation
  2809 | D:1      | Gained mutation: Your flesh is cold resistant. (rC+) [Xom's
                  | grace]
  2990 | D:1      | XOM: stat loss: -1 Int (10/12)
  3977 | D:1      | XOM: scenery: create altars
  4820 | D:1      | XOM: give mutations
  4820 | D:1      | Gained mutation: You passively map a small area around you.
                  | [Xom's grace]
  4820 | D:1      | Gained mutation: You are agile. (Dex +4, Str/Int -1) [Xom's
                  | grace]
  5613 | D:1      | XOM: give mutations
  5613 | D:1      | Gained mutation: One of your tentacles bears a spike.
                  | [Xom's grace]
  5613 | D:1      | Gained mutation: Your muscles are strong. (Str +4, Int/Dex
                  | -1) [Xom's grace]
  5613 | D:1      | Gained mutation: You are very agile. (Dex +8, Str/Int -2)
                  | [Xom's grace]
  5613 | D:1      | Lost mutation: You are dopey. (Int -2) [Xom's grace]
  5875 | D:2      | XOM: noise
  6039 | D:3      | Reached skill level 2 in Stealth
  6041 | D:3      | Reached XP level 4. HP: 31/31 MP: 4/4
  6050 | D:3      | Reached skill level 3 in Stealth
  6472 | D:3      | an endoplasm changed into a shapeshifter
  6472 | D:3      | Noticed a shapeshifter (shapeshifter)
  6472 | D:3      | a shapeshifter changed into a guardian serpent
  6472 | D:3      | Noticed a guardian serpent (shapeshifter)
  6478 | D:3      | XOM: divination: detect items
  6479 | D:3      | XOM: cleaving
  6489 | D:3      | XOM: butterfly on damage
  6491 | D:3      | Killed a guardian serpent
  6492 | D:3      | Reached skill level 6 in Stealth
  6492 | D:3      | Reached XP level 5. HP: 11/37 MP: 5/5
  6492 | D:3      | Reached XP level 6. HP: 13/43 MP: 6/6
  6982 | D:4      | Found a staircase to the Ecumenical Temple.
  7073 | D:4      | Found Sorra's Distillery.
  7102 | D:4      | Bought a potion of heal wounds for 70 gold pieces
  7102 | D:4      | Bought a potion of heal wounds for 70 gold pieces
  7124 | D:4      | Found a bloodstained altar of Trog.
  7146 | D:4      | Reached skill level 7 in Stealth
  7146 | D:4      | Reached XP level 7. HP: 35/48 MP: 7/7
  7407 | D:4      | Found an iron altar of Okawaru.
  7407 | D:4      | Found a hide-covered altar of Uskayaw.
  7430 | D:4      | Identified a scroll of acquirement
  7431 | D:4      | Acquired a +4 rapier of protection
  7500 | D:4      | XOM: give mutations
  7500 | D:4      | Gained mutation: You are partially covered in large bone
                  | plates. (SH +4) [Xom's grace]
  7500 | D:4      | Gained mutation: You are covered in fur. (AC +1) [Xom's
                  | grace]
  7500 | D:4      | Gained mutation: You expend magic power (3 MP) to
                  | strengthen your wands. [Xom's grace]
  7517 | D:5      | Entered Level 5 of the Dungeon
  7556 | D:5      | Noticed a steam dragon
  7560 | D:5      | Killed a steam dragon
  7561 | D:5      | Reached skill level 8 in Stealth
  7629 | D:5      | Found a glowing golden altar of the Shining One.
  7634 | D:5      | XOM: summons 3 hostile shadow creatures
  7658 | D:5      | Noticed a steam dragon
  7663 | D:5      | XOM: blink monster(s)
  7664 | D:5      | a steam dragon changed into a centaur
  7664 | D:5      | XOM: polymorph steam dragon -> centaur
  7672 | D:5      | Reached skill level 5 in Short Blades
  7678 | D:5      | Reached XP level 8. HP: 31/54 MP: 8/8
  7761 | D:5      | Noticed Grinder
  7763 | D:5      | Killed Grinder
  7764 | D:5      | Reached skill level 9 in Stealth
  7989 | D:5      | XOM: god gift: +2 hat
  8013 | D:5      | XOM: stat loss: -1 Str (13/14)
  8350 | D:5      | XOM: 3-stop teleportation journey
  8564 | D:5      | XOM: give mutations
  8564 | D:5      | Gained mutation: You have very sharp teeth. [Xom's grace]
  8564 | D:5      | Gained mutation: You are robust. (+10% HP) [Xom's grace]
  8564 | D:5      | Gained mutation: You are somewhat resistant to both further
                  | mutation and mutation removal. [Xom's grace]
  8564 | D:5      | Gained mutation: Your mind is acute. (Int +4, Str/Dex -1)
                  | [Xom's grace]
  8676 | D:5      | Found a basalt altar of Yredelemnul.
  8775 | D:6      | Found Eser's Book Shop.
  8824 | D:6      | Reached skill level 10 in Stealth
  8826 | D:6      | XOM: divination: detect creatures
  8840 | D:6      | Reached skill level 1 in Evocations
  8923 | D:5      | XOM: god gift: ivory wand {god gift}
  8991 | D:6      | Reached skill level 5 in Fighting
  8991 | D:6      | Reached skill level 1 in Shields
  8996 | D:6      | Reached skill level 1 in Shapeshifting
  9003 | D:6      | Reached XP level 9. HP: 65/67 MP: 9/9
  9010 | D:6      | XOM: god gift: long ivory wand {god gift}
  9012 | D:6      | Noticed Blork the orc
  9018 | D:6      | Noticed Sigmund
  9021 | D:6      | XOM: divination: magic mapping
  9023 | D:6      | Killed Blork the orc
  9032 | D:6      | Killed Sigmund
  9043 | D:6      | XOM: scenery: 2 doors open
  9094 | D:6      | Found a glowing drain.
  9123 | Sewer    | Entered a sewer
  9261 | Sewer    | Found a shimmering altar of Xom.
  9411 | D:6      | Found Xyedd's General Store.
  9417 | D:6      | Bought a scroll of teleportation for 42 gold pieces
  9417 | D:6      | Bought a scroll of fear for 56 gold pieces
  9427 | D:6      | Found Neewo's Antique Weapon Shop.
  9493 | D:6      | Reached skill level 11 in Stealth
  9776 | D:6      | Found Amait's Assorted Antiques.
  9909 | D:6      | XOM: scenery: 2 doors close
 10136 | D:7      | XOM: destruction
 10157 | D:7      | Found an ornate altar of the Wu Jian Council.
 10289 | D:7      | XOM: torment (35/67 hp)
 10470 | D:7      | XOM: god gift: Xom's Cyclopedia of Anaesthesia {god gift}
 10476 | D:7      | Got Xom's Cyclopedia of Anaesthesia {god gift}
 10654 | D:7      | Reached skill level 5 in Dodging
 10654 | D:7      | Reached XP level 10. HP: 72/72 MP: 10/10
 10849 | D:8      | XOM: 2-stop teleportation journey
 10894 | D:8      | Found a transporter.
 10894 | D:8      | Found a transporter.
 10903 | D:8      | Noticed anansati's ghost (novice TeBr)
 10927 | D:8      | XOM: smoke on damage
 10931 | D:8      | XOM: noise
 10942 | D:8      | XOM: potion effect (heal wounds)
 11177 | D:8      | XOM: 5-stop teleportation journey
 11186 | D:8      | XOM: god gift: 41 gold pieces
 11231 | D:8      | Reached skill level 12 in Stealth
 11319 | D:8      | Noticed Grum
 11323 | D:8      | Killed Grum
 11440 | D:2      | XOM: give mutations
 11440 | D:2      | Gained mutation: One of your tentacles bears a nasty spike.
                  | [Xom's grace]
 11440 | D:2      | Gained mutation: One of your tentacles bears a large
                  | vicious spike. [Xom's grace]
 11440 | D:2      | Gained mutation: You passively dampen the noise of your
                  | surroundings. [Xom's grace]
 11540 | D:4      | XOM: divination: detect creatures
 11544 | D:4      | XOM: give mutations
 11544 | D:4      | Gained mutation: Your system is resistant to poisons.
                  | (rPois) [Xom's grace]
 11544 | D:4      | Gained mutation: Your flesh is very heat resistant. (rF++)
                  | [Xom's grace]
 11584 | D:7      | XOM is BORED!
 11584 | D:7      | XOM: noise
 11610 | D:8      | XOM: 4-stop teleportation journey
 11711 | D:8      | XOM: give mutations
 11711 | D:8      | Lost mutation: You expend magic power (3 MP) to strengthen
                  | your wands. [Xom's mischief]
 11711 | D:8      | Lost mutation: You possess an exceptional clarity of mind.
                  | [Xom's mischief]
 11711 | D:8      | Lost mutation: You are covered in fur. (AC +1) [Xom's
                  | mischief]
 11711 | D:8      | Lost mutation: You do not regenerate when monsters are
                  | visible. [Xom's mischief]
 11892 | D:8      | Found an opulent altar of Gozag.
 11994 | D:9      | Found a blossoming altar of Fedhas.
 12069 | D:9      | XOM: silly message
 12084 | D:9      | XOM: silly message
 12103 | D:9      | Found a sparkling altar of Nemelex Xobeh.
 12190 | D:9      | XOM: 1-stop teleportation journey
 12457 | D:9      | Found a runed translucent door.
 12457 | D:9      | Noticed a boulder beetle
 12458 | D:9      | Noticed a guardian serpent
 12473 | D:9      | Killed a boulder beetle
 12474 | D:9      | Reached skill level 5 in Evocations
 12508 | D:9      | a guardian serpent changed into a fire crab
 12508 | D:9      | Noticed a fire crab (shapeshifter)
 12547 | D:9      | a fire crab changed into a komodo dragon
 12552 | D:9      | XOM: stat loss: -1 Dex (21/22)
 12621 | D:9      | Noticed a white ugly thing
 12624 | D:9      | Killed a white ugly thing
 12625 | D:9      | Reached XP level 11. HP: 79/79 MP: 11/11
 12729 | D:9      | Noticed a cyclops
 12731 | D:9      | Killed a cyclops
 12732 | D:9      | Reached skill level 13 in Stealth
 12732 | D:9      | Noticed a cyclops
 12732 | D:9      | Noticed a flayed ghost
 12734 | D:9      | Killed a cyclops
 12736 | D:9      | Killed a flayed ghost
 12737 | D:9      | XOM is BORED!
 12737 | D:9      | XOM: give mutation
 12737 | D:9      | Lost mutation: Your mind is acute. (Int +4, Str/Dex -1)
                  | [Xom's mischief]
 12747 | D:9      | Identified the +5 dagger of Indignation {vamp, *Corrode
                  | rElec Dex+2}
 12779 | D:9      | XOM: give mutation
 12779 | D:9      | Lost mutation: Your flesh is cold resistant. (rC+) [Xom's
                  | mischief]
 12801 | D:9      | XOM: confuse monster(s)
 12816 | D:9      | XOM: silly message
 12823 | D:9      | XOM: enchant monster (good)
 12831 | D:9      | Reached skill level 5 in Shapeshifting
 13006 | D:9      | XOM: noise
 13095 | D:10     | Entered Level 10 of the Dungeon
 13162 | D:10     | Noticed a two-headed ogre
 13169 | D:10     | Killed a two-headed ogre
 13176 | D:10     | Found a flagged portal.
 13201 | Bailey   | Entered a bailey
 13216 | Bailey   | XOM: swap monsters
 13217 | Bailey   | XOM: polymorph centaur -> iguana
 13275 | Bailey   | XOM: cloud trail
 13357 | Bailey   | XOM: divine lightning
 13563 | Bailey   | XOM: fog
 13586 | Bailey   | XOM: summons 11 friendly demons
 13649 | Bailey   | XOM: give mutations
 13649 | Bailey   | Gained mutation: You are almost entirely resistant to
                  | further mutation and mutation removal. [Xom's grace]
 13649 | Bailey   | Gained mutation: You are highly strong-willed. (Will++)
                  | [Xom's grace]
 13649 | Bailey   | Gained mutation: You have an increased reservoir of magic.
                  | (+10% MP) [Xom's grace]
 13649 | Bailey   | Gained mutation: You passively map the area around you.
                  | [Xom's grace]
 13807 | Bailey   | XOM: polymorph centaur -> jelly
 13834 | Bailey   | XOM: give mutations
 13834 | Bailey   | Lost mutation: You are almost entirely resistant to further
                  | mutation and mutation removal. [Xom's grace]
 13834 | Bailey   | Lost mutation: You are somewhat resistant to both further
                  | mutation and mutation removal. [Xom's grace]
 13834 | Bailey   | Lost mutation: You are somewhat resistant to further
                  | mutation. [Xom's grace]
 13834 | Bailey   | Gained mutation: You have hidden genetic potential. [Xom's
                  | grace]
 13834 | Bailey   | Gained mutation: Your spells are a little harder to cast,
                  | but a little more powerful. [Xom's grace]
 13834 | Bailey   | Gained mutation: Your natural rate of healing is unusually
                  | fast. [Xom's grace]
 13893 | Bailey   | XOM: polymorph orc -> jackal
 13894 | Bailey   | Identified the ring of Happiness {Slay+4 Stlth+}
 14014 | D:10     | Noticed Erolcha
 14017 | D:10     | Killed Erolcha
 14129 | D:10     | Noticed a two-headed ogre
 14138 | D:10     | Killed a two-headed ogre
 14234 | D:10     | XOM: destruction
 14235 | D:10     | Noticed Josephine
 14241 | D:10     | Found a staircase to the Orcish Mines.
 14241 | D:10     | XOM: 4-stop teleportation journey
 14245 | D:10     | XOM: summons 3 friendly demons
 14321 | D:10     | XOM: polymorph orc -> frilled lizard
 14323 | D:10     | Reached skill level 14 in Stealth
 14329 | D:10     | Reached XP level 12. HP: 76/88 MP: 13/13
 14428 | D:10     | XOM: god gift: spear {god gift}
 14493 | D:10     | Killed Josephine
 14499 | D:10     | XOM: cleaving
 14527 | D:10     | Found a white marble altar of Elyvilon.
 14633 | D:10     | Found a burning altar of Makhleb.
 14694 | D:10     | XOM: god gift: robe {god gift}
 14777 | D:10     | Found a staircase to the Lair.
 14816 | D:10     | XOM: cloud trail
 14989 | D:11     | XOM: destruction
 15052 | D:11     | Reached skill level 10 in Short Blades
 15058 | D:11     | XOM: 1-stop teleportation journey
 15392 | D:11     | XOM: give mutations
 15392 | D:11     | Gained mutation: You are partially covered in iridescent
                  | scales. (AC +2) [Xom's grace]
 15392 | D:11     | Gained mutation: You are mostly covered in iridescent
                  | scales. (AC +4) [Xom's grace]
 15394 | D:11     | Noticed Urug
 15401 | D:11     | Killed Urug
 15428 | D:11     | Gained mutation: You have a pair of small antennae on your
                  | head. [hidden potential]
 15568 | D:11     | XOM: divination: detect items
 15609 | Lair:1   | Entered Level 1 of the Lair of Beasts
 15609 | Lair:1   | Noticed a death yak
 15612 | Lair:1   | Noticed a death yak
 15657 | D:10     | XOM: summons friendly ufetubus
 15661 | D:10     | Killed a death yak
 15673 | D:10     | XOM: summons 3 friendly demons
 15676 | D:10     | Killed a death yak
 15746 | Lair:1   | XOM: potion effect (berserk rage)
 15903 | Lair:1   | XOM: god gift: staff of cold
 16161 | Lair:1   | Noticed Gastronok
 16168 | Lair:1   | Killed Gastronok
 16169 | Lair:1   | Reached skill level 15 in Stealth
 16295 | Lair:2   | Noticed a four-headed hydra
 16299 | Lair:2   | Killed a four-headed hydra
 16328 | Lair:2   | XOM: confuse monster(s)
 16334 | Lair:2   | Reached skill level 5 in Shields
 16342 | Lair:2   | XOM: fog
 16350 | Lair:2   | Reached XP level 13. HP: 93/94 MP: 14/14
 16406 | Lair:2   | XOM: summons friendly white imp
 16435 | Lair:2   | Identified the +6 falchion of the Seven Coins {venom, rC++
                  | rN+}
 16647 | Lair:2   | Found a transporter.
 16707 | Lair:2   | Found a transporter.
 16757 | Lair:2   | XOM: enchant monster (good)
 16763 | Lair:2   | Reached skill level 16 in Stealth
 16763 | Lair:2   | XOM: god gift: scroll of poison
 17096 | Lair:3   | XOM: god gift: 52 gold pieces
 17105 | Lair:3   | XOM: cloud trail
 17149 | Lair:3   | XOM: 7-stop teleportation journey
 17204 | Lair:3   | XOM: god gift: dazzling dagger {god gift}
 17204 | Lair:3   | Identified the +6 dagger "Futumo" {chaos, rC- MP+9 Dex+5
                  | Stlth+} (Xom gifted it to you on level 3 of the Lair of
                  | Beasts)
 17321 | Lair:3   | Found a staircase to the Swamp.
 17321 | Lair:3   | Noticed an eleionoma
 17328 | Lair:3   | Killed an eleionoma
 17360 | Lair:3   | XOM: give mutations
 17360 | Lair:3   | Gained mutation: You are completely covered in iridescent
                  | scales. (AC +6) [Xom's grace]
 17360 | Lair:3   | Gained mutation: A frigid envelope surrounds you and
                  | freezes all who hurt you. [Xom's grace]
 17372 | Lair:3   | XOM: silly message
 17377 | Lair:3   | Gained mutation: You are resistant to electric shocks.
                  | (rElec) [hidden potential]
 17377 | Lair:3   | Lost mutation: You have hidden genetic potential. [hidden
                  | potential expressed]
 17431 | Lair:3   | XOM: god gift: chain mail {god gift}
 17433 | Lair:3   | Found a staircase to the Snake Pit.
 17446 | Lair:3   | Noticed Kirke
 17448 | Lair:3   | XOM: enchant monster (bad)
 17466 | Lair:3   | Killed Kirke
 17466 | Lair:3   | XOM: god gift: 22 gold pieces
 17595 | Lair:3   | XOM: summons 7 hostile demons
 17684 | Lair:3   | XOM: scenery: create altars
 17918 | Lair:3   | XOM: divination: magic mapping
 17983 | Lair:3   | XOM: give mutation
 17983 | Lair:3   | Lost mutation: Your natural rate of healing is unusually
                  | fast. [Xom's mischief]
 18096 | Lair:4   | XOM: 1-stop teleportation journey
 18099 | Lair:4   | XOM: fog
 18103 | Lair:4   | XOM: enchant monster (bad)
 18117 | Lair:4   | XOM: torment (28/96 hp)
 18124 | Lair:4   | XOM: divination: detect creatures
 18125 | Lair:4   | XOM: potion effect (might)
 18132 | Lair:4   | XOM: potion effect (haste)
 18133 | Lair:4   | XOM: divination: detect creatures
 18138 | Lair:4   | XOM: cleaving
 18146 | Lair:4   | Reached skill level 17 in Stealth
 18367 | Lair:4   | XOM: divination: magic mapping
 18379 | Lair:4   | Found a staircase to the Slime Pits.
 18379 | Lair:4   | Found a viscous altar of Jiyva.
 18381 | Lair:4   | XOM: confuse monster(s)
 18442 | Lair:4   | XOM: silly message
 18670 | Lair:4   | XOM: god gift: long sword {god gift}
 18706 | Lair:4   | Reached XP level 14. HP: 104/104 MP: 15/15
 19073 | Lair:4   | XOM: give mutations
 19073 | Lair:4   | Gained mutation: Your flesh is cold resistant. (rC+) [Xom's
                  | grace]
 19073 | Lair:4   | Gained mutation: You have a pair of antennae on your head.
                  | [Xom's grace]
 19073 | Lair:4   | Gained mutation: You have hidden genetic potential. [Xom's
                  | grace]
 19239 | Lair:4   | XOM: divination: detect items
 19283 | Lair:4   | XOM: scenery: summon butterflies
 19431 | Lair:5   | Entered Level 5 of the Lair of Beasts
 19512 | Lair:5   | XOM: summons 9 friendly demons
 19563 | Lair:5   | XOM: polymorph water moccasin -> boggart
 19566 | Lair:5   | XOM: scenery: create altars
 19571 | Lair:5   | XOM: enchant monster (good)
 19593 | Lair:5   | Reached skill level 18 in Stealth
 19701 | Lair:5   | XOM: scenery: create altars
 19755 | Lair:5   | XOM: polymorph elephant -> mana viper
 19784 | Lair:5   | XOM: cleaving
 19785 | Lair:5   | XOM: snakes to sticks
 19810 | Lair:5   | XOM: polymorph death yak -> seven-headed hydra
 19817 | Lair:5   | XOM: confuse monster(s)
 19827 | Lair:5   | XOM: divination: detect creatures
 19848 | Lair:5   | XOM: confuse monster(s)
 19858 | Lair:5   | XOM: summons 3 friendly demons
 19889 | Lair:5   | Reached skill level 19 in Stealth
 19910 | Lair:5   | XOM: god gift: robe {god gift}
 20008 | Lair:5   | XOM: scenery: create altars
 20085 | Lair:5   | XOM: enchant monster (good)
 20186 | Lair:5   | XOM: summons friendly ufetubus
 20322 | Lair:5   | XOM: scenery: create altars
 20327 | Lair:5   | XOM: scenery: summon butterflies
 20384 | Lair:5   | XOM: divine lightning
 20469 | Lair:5   | XOM: god gift: +3 short sword of chaos
 20504 | Lair:5   | XOM: god gift: wand of charming (7)
 20777 | Lair:5   | XOM: scenery: create altars
 20915 | Lair:5   | Found a runed translucent door.
 20962 | Lair:5   | XOM: give mutations
 20962 | Lair:5   | Lost mutation: You are very agile. (Dex +8, Str/Int -2)
                  | [Xom's mischief]
 20962 | Lair:5   | Lost mutation: You are resistant to electric shocks.
                  | (rElec) [Xom's mischief]
 20962 | Lair:5   | Lost mutation: You are partially covered in large bone
                  | plates. (SH +4) [Xom's mischief]
 20962 | Lair:5   | Lost mutation: You are robust. (+10% HP) [Xom's mischief]
 21309 | Orc:1    | Entered Level 1 of the Orcish Mines
 21387 | Orc:1    | Found Feacwaibb's Armour Emporium.
 21427 | Orc:1    | XOM: destruction
 21699 | Orc:1    | XOM: 6-stop teleportation journey
 21701 | Orc:1    | XOM: noise
 21928 | Orc:2    | Entered Level 2 of the Orcish Mines
 21933 | Orc:2    | Found a staircase to the Elven Halls.
 21933 | Orc:2    | XOM: 2-stop teleportation journey
 21990 | Orc:2    | Reached XP level 15. HP: 100/100 MP: 16/16
 22020 | Orc:2    | Found Neonown's Book Boutique.
 22047 | Orc:2    | XOM: noise
 22066 | Orc:2    | XOM: silly message
 22070 | Orc:2    | XOM: chaos upgrade
 22070 | Orc:2    | Gained mutation: Your flesh is almost immune to the effects
                  | of heat. (rF+++) [hidden potential]
 22081 | Orc:2    | XOM: enchant monster (bad)
 22098 | Orc:2    | XOM: blink monster(s)
 22110 | Orc:2    | XOM: blink monster(s)
 22318 | Orc:2    | XOM: confuse monster(s)
 22321 | Orc:2    | XOM: chaos upgrade
 22351 | Orc:2    | XOM: confusion
 22352 | Orc:2    | Noticed Saint Roka
 22352 | Orc:2    | Found Xisch's Antique Armour Boutique.
 22352 | Orc:2    | Found Araasay's Weapon Shop.
 22352 | Orc:2    | Found Yfahe's Armour Emporium.
 22352 | Orc:2    | XOM: 9-stop teleportation journey
 22357 | Orc:2    | XOM: draining
 22365 | Orc:2    | XOM: silly message
 22373 | Orc:2    | Reached skill level 20 in Stealth
 22431 | Orc:2    | XOM: enchant monster (bad)
 22636 | Orc:2    | XOM: summons 2 hostile shadow creatures
 22681 | Orc:2    | XOM: cloud trail
 22694 | Orc:2    | XOM: potion effect (invisibility)
 22708 | Orc:2    | XOM: scenery: create altars
 22718 | Orc:2    | XOM: give mutations
 22718 | Orc:2    | Gained mutation: Your muscles are very strong. (Str +8,
                  | Int/Dex -2) [Xom's grace]
 22718 | Orc:2    | Gained mutation: You possess an exceptional clarity of
                  | mind. [Xom's grace]
 22718 | Orc:2    | Gained mutation: Your flesh is very cold resistant. (rC++)
                  | [Xom's grace]
 22735 | Orc:2    | XOM: confuse monster(s)
 22770 | Orc:2    | XOM: destruction
 22784 | Orc:2    | XOM: cleaving
 22786 | Orc:2    | Killed Saint Roka
 22969 | Orc:2    | XOM: fake destruction
 23134 | Orc:2    | XOM: give mutations
 23134 | Orc:2    | Gained mutation: Your mind is acute. (Int +4, Str/Dex -1)
                  | [Xom's grace]
 23134 | Orc:2    | Gained mutation: You are resistant to electric shocks.
                  | (rElec) [Xom's grace]
 23134 | Orc:2    | Gained mutation: You are robust. (+10% HP) [Xom's grace]
 23396 | D:12     | XOM: destruction
 23399 | D:12     | Reached skill level 10 in Shapeshifting
 23399 | D:12     | XOM: fake destruction
 23405 | D:12     | XOM: summons 5 friendly demons
 23490 | D:12     | Found a portal to a secret trove of treasure.
 23612 | D:12     | XOM: god gift: +1 halberd of chaos
 23626 | D:12     | Found a gate leading to a gauntlet.
 23626 | D:12     | Noticed Fannar
 23626 | D:12     | XOM: 2-stop teleportation journey
 23666 | D:12     | XOM: 5-stop teleportation journey
 23680 | Gauntlet | Entered a Gauntlet
 23680 | Gauntlet | Found a transporter.
 23689 | Gauntlet | Found a transporter.
 23710 | Gauntlet | Found a transporter.
 23714 | Gauntlet | Found a transporter.
 23731 | Gauntlet | Found a transporter.
 23744 | Gauntlet | Found a transporter.
 23752 | Gauntlet | Found a transporter.
 23756 | Gauntlet | Found a transporter.
 23783 | Gauntlet | Found a transporter.
 23812 | Gauntlet | Found a transporter.
 23812 | Gauntlet | Found a transporter.
 23819 | Gauntlet | Found a transporter.
 23967 | Gauntlet | XOM: give mutations
 23967 | Gauntlet | Gained mutation: You expend magic power (3 MP) to
                  | strengthen your wands. [Xom's grace]
 23967 | Gauntlet | Gained mutation: You passively map a large area around you.
                  | [Xom's grace]
 23967 | Gauntlet | Gained mutation: Your mind is very acute. (Int +8, Str/Dex
                  | -2) [Xom's grace]
 23991 | Gauntlet | XOM: give mutation
 23991 | Gauntlet | Gained mutation: You are extremely strong-willed. (Will+++)
                  | [Xom's grace]
 24021 | Gauntlet | XOM: cloud trail
 24121 | Gauntlet | XOM: summons 8 hostile demons
 24136 | Gauntlet | XOM: draining
 24219 | Gauntlet | Identified the +5 kite shield of Kikleoth {Harm rC- Int+3
                  | Dex+3}
 24219 | Gauntlet | Identified the ring "Foarghoty" {*Slow Will+ Str-3 Int+3
                  | Stlth+}
 24324 | Gauntlet | Got Dieva's Teachings on Portals
 24440 | D:12     | Killed Fannar
 24568 | D:12     | Noticed Azrael
 24572 | D:12     | XOM: summons 6 hostile demons
 24576 | D:12     | XOM: blink monster(s)
 24582 | D:12     | Killed Azrael
 24664 | D:12     | XOM: polymorph deep elf pyromancer -> moth of wrath
 24669 | D:12     | XOM: torment (55/108 hp)
 25001 | D:12     | XOM: give mutations
 25001 | D:12     | Lost mutation: You passively map a large area around you.
                  | [Xom's mischief]
 25001 | D:12     | Lost mutation: You are completely covered in iridescent
                  | scales. (AC +6) [Xom's mischief]
 25134 | D:13     | Reached skill level 21 in Stealth
 25230 | D:13     | XOM: 2-stop teleportation journey
 25247 | D:13     | XOM is BORED!
 25247 | D:13     | XOM: give mutation
 25247 | D:13     | Lost mutation: You are resistant to electric shocks.
                  | (rElec) [Xom's mischief]
 25292 | D:13     | XOM: give mutations
 25292 | D:13     | Lost mutation: You occasionally lose the ability to read
                  | scrolls when taking damage. [Xom's mischief]
 25292 | D:13     | Lost mutation: You are extremely strong-willed. (Will+++)
                  | [Xom's mischief]
 25292 | D:13     | Lost mutation: You are robust. (+10% HP) [Xom's mischief]
 25292 | D:13     | Lost mutation: You have an increased reservoir of magic.
                  | (+10% MP) [Xom's mischief]
 25546 | D:13     | XOM: give mutations
 25546 | D:13     | Lost mutation: Your mind is very acute. (Int +8, Str/Dex
                  | -2) [Xom's mischief]
 25546 | D:13     | Lost mutation: Your muscles are very strong. (Str +8,
                  | Int/Dex -2) [Xom's mischief]
 25546 | D:13     | Lost mutation: Your system is resistant to poisons. (rPois)
                  | [Xom's mischief]
 25546 | D:13     | Lost mutation: You are mostly covered in iridescent scales.
                  | (AC +4) [Xom's mischief]
 25857 | D:14     | XOM: 3-stop teleportation journey
 25870 | D:14     | XOM: summons 8 hostile demons
 25877 | D:14     | XOM: draining
 26077 | D:13     | XOM: give mutation
 26077 | D:13     | Gained mutation: Your mind is very acute. (Int +8, Str/Dex
                  | -2) [Xom's grace]
 26081 | D:13     | Learned a level 2 spell: Blink
 26089 | D:14     | XOM: scenery: create altars
 26099 | D:14     | XOM: summons 10 friendly demons
 26211 | D:14     | XOM: divination: detect items
 26256 | D:14     | Found a gate to the Vaults.
 26268 | D:14     | XOM: confuse monster(s)
 26275 | D:14     | XOM: summons friendly orange demon
 26280 | D:14     | Reached XP level 16. HP: 99/107 MP: 16/16
 26297 | D:14     | Gained mutation: Your natural rate of healing is unusually
                  | fast. [hidden potential]
 26297 | D:14     | Lost mutation: You have hidden genetic potential. [hidden
                  | potential expressed]
 26368 | D:14     | XOM: butterfly on damage
 26711 | D:15     | Entered Level 15 of the Dungeon
 26750 | D:15     | XOM: 6-stop teleportation journey
 26806 | D:15     | Identified the ring of Cautet {rF++ MP+9}
 26882 | D:15     | XOM: fog
 26955 | D:15     | Found a staircase to the Depths.
 26958 | D:15     | XOM: cast spell 'Summon Small Mammal'
 26981 | D:15     | Reached skill level 22 in Stealth
 26995 | D:15     | XOM: summons friendly quasit
 27127 | D:15     | XOM: cloud trail
 27192 | D:15     | XOM: god gift: 22 gold pieces
 27213 | D:15     | Acquired the ring "Roijiat" {rF+ rC+ Will+ Int-3}
 27523 | Elf:1    | Entered Level 1 of the Elven Halls
 27573 | Elf:1    | Found a radiant altar of Vehumet.
 27648 | Elf:1    | XOM: summons friendly ufetubus
 27660 | Elf:1    | XOM: noise
 27664 | Elf:1    | Reached skill level 10 in Fighting
 27727 | Elf:1    | XOM: confuse monster(s)
 27766 | Elf:1    | XOM: silly message
 27792 | Elf:1    | XOM: cast spell 'Summon Mana Viper'
 28305 | Elf:2    | Found a runed translucent gate.
 28305 | Elf:2    | Found a runed translucent gate.
 28305 | Elf:2    | Found a runed translucent gate.
 28306 | Elf:2    | Noticed a tentacled monstrosity
 28306 | Elf:2    | Noticed a tentacled monstrosity
 28306 | Elf:2    | Noticed a tentacled monstrosity
 28397 | Elf:2    | XOM: cloud trail
 28611 | Elf:2    | XOM: summons friendly iron imp
 28612 | Elf:2    | XOM: summons 6 friendly demons
 28773 | Elf:2    | Reached XP level 17. HP: 75/115 MP: 17/17
 28832 | Elf:2    | XOM: summons friendly shadow imp
 28896 | Elf:2    | Found a huge runed translucent gate.
 28897 | Elf:2    | Found a huge runed translucent gate.
 28898 | Elf:2    | Found a huge runed translucent gate.
 28899 | Elf:2    | Found a huge runed translucent gate.
 28900 | Elf:2    | Found a huge runed translucent gate.
 28978 | Elf:2    | Reached skill level 10 in Dodging
 28994 | Elf:2    | XOM: summons 2 friendly demons
 29250 | Elf:2    | Found Woowoke's Book Shoppe.
 29254 | Elf:2    | XOM: confuse monster(s)
 29256 | Elf:2    | XOM: potion effect (invisibility)
 29257 | Elf:2    | Found Gogruluss's Jewellery Boutique.
 29258 | Elf:2    | Found Yqirea's Book Shoppe.
 29274 | Elf:2    | Bought the ring "Kaaschoh" {rPois rN+ Str+3 Int+2 Stlth+}
                  | for 890 gold pieces
 29651 | Orc:2    | XOM: give mutation
 29651 | Orc:2    | Lost mutation: One of your tentacles bears a large vicious
                  | spike. [Xom's mischief]
 29720 | D:10     | XOM: scenery: 1 doors open, 1 doors close
 29857 | Swamp:1  | XOM: stealth player
 29857 | Swamp:1  | Entered Level 1 of the Swamp
 29911 | Swamp:1  | XOM: enchant monster (good)
 30001 | Swamp:1  | XOM: chaos cloud
 30138 | Swamp:1  | XOM: stat loss: -1 Int (25/26)
 30262 | Swamp:2  | Noticed Frances
 30269 | Swamp:2  | Killed Frances
 30665 | Swamp:3  | XOM: swap monsters
 30823 | Swamp:3  | Found a transporter.
 30830 | Swamp:3  | Found a transporter.
 30836 | Swamp:3  | Noticed Rualuul's ghost (adept MfBe)
 31110 | Swamp:4  | Entered Level 4 of the Swamp
 31397 | Swamp:4  | Reached XP level 18. HP: 124/124 MP: 18/18
 31532 | Swamp:4  | XOM: draining
 31538 | Swamp:4  | XOM: cast spell 'Death Channel'
 31632 | Swamp:4  | Got a decaying rune of Zot
 31642 | Swamp:4  | XOM: chaos cloud
 31666 | Swamp:4  | XOM: butterfly on damage
 32217 | Snake:1  | Entered Level 1 of the Snake Pit
 32431 | Snake:1  | XOM: 1-stop teleportation journey
 32692 | Snake:1  | XOM: 3-stop teleportation journey
 32784 | Snake:1  | XOM: noise
 32989 | Snake:1  | Noticed Aizul
 32992 | Snake:1  | Killed Aizul
 33289 | Snake:2  | Reached skill level 15 in Shapeshifting
 33364 | Snake:2  | Found Wionim's General Store.
 33366 | Snake:2  | Found Iheiph's Book Shoppe.
 33368 | Snake:2  | Found Suwoisui's Antique Weapon Emporium.
 33412 | Snake:2  | XOM: blink monster(s)
 33414 | Snake:2  | XOM: smoke on damage
 33419 | Snake:2  | XOM: blink monster(s)
 33910 | Snake:2  | Reached skill level 23 in Stealth
 33967 | Snake:2  | XOM: summons 3 hostile shadow creatures
 34069 | Snake:2  | XOM: god gift: broad axe {god gift}
 34114 | Snake:2  | XOM: god gift: +4 ring of protection
 34175 | Snake:2  | XOM: cleaving
 34454 | Snake:3  | XOM: chaos upgrade
 34480 | Snake:3  | XOM: summons 2 hostile shadow creatures
 34524 | Snake:3  | Found Vyosh's Antique Weapon Boutique.
 34530 | Snake:3  | XOM: enchant monster (good)
 34549 | Snake:3  | XOM: 4-stop teleportation journey
 34675 | Snake:3  | XOM: give mutation
 34675 | Snake:3  | Gained mutation: One of your tentacles bears a large
                  | vicious spike. [Xom's grace]
 34715 | Snake:3  | XOM: cleaving
 34828 | Snake:3  | Reached skill level 10 in Shields
 34828 | Snake:3  | Reached XP level 19. HP: 131/131 MP: 19/19
 34959 | Snake:3  | Found Xyntahoucupt's Distillery.
 34968 | Snake:3  | Bought a potion of heal wounds for 105 gold pieces
 34968 | Snake:3  | Bought a potion of heal wounds for 105 gold pieces
 35002 | Snake:3  | XOM: cast spell 'Leda's Liquefaction'
 35005 | Snake:3  | XOM: confuse monster(s)
 35006 | Snake:3  | XOM: cast spell 'Cause Fear'
 35020 | Snake:3  | XOM: cast spell 'Summon Small Mammal'
 35050 | Snake:3  | XOM: chaos upgrade
 35452 | Snake:4  | Entered Level 4 of the Snake Pit
 35464 | Snake:4  | Found Ejeo's Book Shop.
 35464 | Snake:4  | XOM: 2-stop teleportation journey
 35534 | Snake:4  | XOM: silly message
 35582 | Snake:4  | Noticed Louise
 35593 | Snake:4  | Killed Louise
 35721 | Snake:4  | Found Plog's Assorted Antiques.
 35756 | Snake:4  | Reached skill level 15 in Short Blades
 35972 | Snake:4  | Found Dadeb's Weapon Shop.
 36062 | Snake:4  | Noticed Roxanne
 36063 | Snake:4  | XOM: silly message
 36096 | Snake:4  | Killed Roxanne
 36109 | Snake:4  | Found Zeiris's Assorted Antiques.
 36117 | Snake:4  | Bought 2 fizzy golden potions for 73 gold pieces
 36278 | Snake:4  | XOM: swap monsters
 36359 | Snake:4  | XOM: summons friendly chaos spawn
 36379 | Snake:4  | XOM: scenery: summon butterflies
 36490 | Snake:4  | XOM: chaos upgrade
 36494 | Snake:4  | XOM: summons 10 friendly demons
 36852 | Snake:4  | XOM: enchant monster (bad)
 36853 | Snake:4  | XOM: noise
 36896 | Snake:4  | XOM: chaos upgrade
 36973 | Snake:4  | XOM: divination: magic mapping
 37007 | Snake:4  | Noticed Vashnia
 37065 | Snake:4  | XOM: silly message
 37105 | Snake:4  | XOM: chaos upgrade
 37108 | Snake:4  | XOM: enchant monster (bad)
 37112 | Snake:4  | XOM: silly message
 37391 | Snake:4  | XOM: give mutation
 37391 | Snake:4  | Lost mutation: You have a pair of antennae on your head.
                  | [Xom's mischief]
 37407 | Snake:4  | XOM: silly message
 37452 | Snake:4  | Reached skill level 24 in Stealth
 37453 | Snake:4  | XOM: summons friendly white imp
 37626 | Snake:4  | Killed Vashnia
 37631 | Snake:4  | Got a serpentine rune of Zot
 37963 | Orc:2    | XOM: give mutations
 37963 | Orc:2    | Lost mutation: One of your tentacles bears a large vicious
                  | spike. [Xom's mischief]
 37963 | Orc:2    | Lost mutation: Your flesh is almost immune to the effects
                  | of heat. (rF+++) [Xom's mischief]
 38030 | Elf:3    | Entered Level 3 of the Elven Halls
 38103 | Elf:3    | XOM: chaos upgrade
 38107 | Elf:3    | XOM: polymorph deep elf knight -> glowing shapeshifter
 38148 | Elf:3    | XOM: polymorph deep elf archer -> slime creature
 38262 | Elf:3    | XOM: 7-stop teleportation journey
 38299 | Elf:3    | XOM: scenery: 1 doors close
 38475 | Elf:3    | Noticed Bai Suzhen
 38481 | Elf:3    | XOM: confuse monster(s)
 38482 | Elf:3    | Reached XP level 20. HP: 138/138 MP: 20/20
 38488 | Elf:3    | Killed Bai Suzhen
 38538 | Elf:3    | XOM: enchant monster (good)
 39097 | Elf:3    | XOM: divination: magic mapping
 39111 | Elf:3    | XOM: chaos upgrade
 39119 | Elf:3    | XOM: scenery: summon butterflies
 39142 | Elf:3    | XOM: cast spell 'Cause Fear'
 39166 | Elf:3    | XOM: summons 10 friendly demons
 39177 | Elf:3    | XOM: divination: detect items
 39190 | Elf:3    | XOM: silly message
 39202 | Elf:3    | XOM: cast spell 'Summon Ice Beast'
 39204 | Elf:3    | XOM: noise
 39220 | Elf:3    | XOM: noise
 39268 | Elf:3    | XOM: potion effect (might)
 39268 | Elf:3    | Identified the ring "Xulumes" {Fly Will+}
 39364 | Elf:3    | XOM: cast spell 'Call Canine Familiar'
 39374 | Elf:3    | XOM: summons friendly white imp
 39384 | Elf:3    | XOM: 6-stop teleportation journey
 39481 | Elf:3    | XOM: god gift: leather armour {god gift}
 39535 | Elf:3    | Identified the +5 halberd of Turmoil {spect, rF- rN+ Str+2
                  | SInv}
 39556 | Elf:3    | Identified the +4 shortbow "Rushra Muet" {drain, rPois}
 39574 | Elf:3    | Identified the +3 scale mail of the Boiling Point {MP-9
                  | Dex+7 Stlth+}
 39585 | Elf:3    | Found the ring of the Mage {Wiz Archmagi}
 39588 | Elf:3    | Got the Handbook of Clay
 39669 | Elf:3    | Got Cethre Agoc's Secrets of Battling
 39779 | Orc:2    | XOM: god gift: book of Misfortune
 39828 | D:11     | XOM: noise
 39897 | Vaults:1 | Entered Level 1 of the Vaults
 39915 | Vaults:1 | XOM: cloud trail
 39996 | Vaults:1 | XOM: god gift: 33 gold pieces
 40264 | Vaults:1 | XOM: potion effect (might)
 40331 | Vaults:1 | XOM: silly message
 40498 | Vaults:1 | XOM: divination: detect creatures
 40503 | Vaults:1 | XOM: potion effect (curing)
 40533 | Vaults:1 | Reached XP level 21. HP: 144/144 MP: 21/21
 40794 | Vaults:1 | XOM: silly message
 40802 | Vaults:1 | XOM: confuse monster(s)
 40866 | Vaults:1 | XOM: summons 1 hostile shadow creature
 41097 | Vaults:2 | XOM: scenery: 1 doors open
 41111 | Vaults:2 | Found Equar's Antique Weapon Shop.
 41137 | Vaults:2 | XOM: confuse monster(s)
 41146 | Vaults:2 | XOM: enchant monster (bad)
 41223 | Vaults:2 | Found a staircase to the Crypt.
 41318 | Vaults:2 | XOM: give mutations
 41318 | Vaults:2 | Lost mutation: You passively dampen the noise of your
                  | surroundings. [Xom's mischief]
 41318 | Vaults:2 | Lost mutation: Your natural rate of healing is unusually
                  | fast. [Xom's mischief]
 41670 | Vaults:2 | Found Giss's Assorted Antiques.
 41678 | Vaults:2 | Bought a scroll of revelation for 240 gold pieces
 41821 | Vaults:2 | XOM: noise
 41826 | Vaults:2 | XOM: 8-stop teleportation journey
 41888 | Vaults:2 | Found Fugaoq's Book Shoppe.
 42345 | Lair:2   | XOM: cast spell 'Dispersal'
 42379 | Lair:2   | Identified the +1 pair of boots of Dim Light {rF+ rCorr
                  | Int+3 Slay-2}
 42381 | Lair:2   | Identified the ring "Iguezaal" {rF++ rC+ Will+ Int+4}
 42579 | Vaults:1 | XOM: silly message
 42634 | Vaults:3 | XOM: cast spell 'Summon Cactus Giant'
 42852 | Vaults:3 | Found Igaxer's Magic Scroll Shoppe.
 42863 | Vaults:3 | Bought a scroll of fear for 80 gold pieces
 42863 | Vaults:3 | Bought a scroll of blinking for 150 gold pieces
 42899 | Vaults:3 | You are sucked into a shaft and drop 1 floor!
 42949 | Vaults:4 | XOM: cast spell 'Summon Hydra'
 42961 | Vaults:4 | XOM: smoke on damage
 43048 | Vaults:3 | XOM: divination: detect items
 43054 | Vaults:3 | XOM: 1-stop teleportation journey
 43055 | Vaults:3 | XOM: blink monster(s)
 43112 | Vaults:3 | Identified the +0 kite shield "Zoroweir" {Int-3 Dex+5
                  | Slay+3}
 43112 | Vaults:3 | Noticed Donald
 43114 | Vaults:3 | XOM: blink monster(s)
 43116 | Vaults:3 | XOM: polymorph slime creature -> shapeshifter
 43118 | Vaults:3 | XOM: divine lightning
 43124 | Vaults:3 | Killed Donald
 43133 | Vaults:3 | Noticed Norris
 43149 | Vaults:3 | Killed Norris
 43751 | Vaults:3 | XOM: summons 2 hostile demons
 43862 | Vaults:4 | Found a runed translucent gate.
 43864 | Vaults:4 | Found a runed translucent gate.
 43864 | Vaults:4 | Identified the +8 plate armour "Baci" {rF+ Int+3}
 43869 | Vaults:4 | Found a runed translucent gate.
 43869 | Vaults:4 | Noticed justen's ghost (veteran HOFi)
 43873 | Vaults:4 | Identified the +3 sling of Eternal Vigilance {heavy, rPois
                  | rN+}
 43937 | Vaults:4 | XOM: confuse monster(s)
 44030 | Vaults:4 | XOM: give mutations
 44030 | Vaults:4 | Lost mutation: You are highly strong-willed. (Will++)
                  | [Xom's mischief]
 44030 | Vaults:4 | Lost mutation: Your spells are a little harder to cast, but
                  | a little more powerful. [Xom's mischief]
 44030 | Vaults:4 | Lost mutation: A frigid envelope surrounds you and freezes
                  | all who hurt you. [Xom's mischief]
 44030 | Vaults:4 | Lost mutation: You possess an exceptional clarity of mind.
                  | [Xom's mischief]
 44044 | Vaults:4 | Noticed Agnes
 44046 | Vaults:4 | Noticed Asterion
 44049 | Vaults:4 | XOM: stat loss: -1 Str (15/16)
 44058 | Vaults:4 | Killed Agnes
 44058 | Vaults:4 | XOM: confusion
 44059 | Vaults:4 | Reached XP level 22. HP: 151/151 MP: 22/22
 44072 | Vaults:4 | XOM: polymorph Executioner -> Brimstone Fiend
 44073 | Vaults:4 | Killed from afar by a Brimstone Fiend

Illustrated notes

Levels and vault maps discovered:
D:1:      orjb1_clovarrival, layout_basic, serial_shops, shop,
          minmay_misc_feat_chi, st_stairs_14, dreamdust_mushroom_princess
D:2:      minmay_evil_eye, layout_loops_ring, basic_altar,
          shapermc_ecumenical_altar_mp_highgroup, kennysheep_generic_room_7
D:3:      layout_basic, kennysheep_cluttered_room
D:4:      layout_rooms, gammafunk_temple_overflow_wave,
          overflow_temple_1_default, minmay_temple_entry_slanted, serial_shops,
          nicolae_square_shop
D:5:      nicolae_BIG_FREAKIN_CUBE, layout_loops_corners, tso_oasis_becter,
          lemuel_zombie_altar_yredelemnul, uniq_grinder
D:6:      layout_gridville, serial_shops,
          nicolae_shop_temple_entry_statues_fountains, nicolae_lakefront_shop,
          nicolae_shop_temple_entry_statues_fountains,
          nicolae_shop_tiny_statue_garden, portal_sewer_entry_c,
          uniq_blork_the_orc, uniq_sigmund
D:7:      layout_layer_cave, nicolae_wu_jian_wuxing_cycle, nrook_uturn
D:8:      layout_rooms, kennysheep_little_box, nzn_ghost_randoct,
          grunt_tough_drop, uniq_grum
D:9:      layout_long_grid, nicolae_overflow_crystal_walls,
          mainiacjoe_overflow_catwalk, minivault_13
D:10:     layout_stronghold, mainiacjoe_overflow_six_doors_small,
          bloody_makhleb, dpeg_oklobed_lair,
          kennysheep_orc_monster_closet_entryway, enter_bailey_5,
          kennysheep_generic_room_14, uniq_josephine, uniq_erolcha
D:11:     layout_loops_ring, uniq_urug
D:12:     layout_gridville, nicolae_trove_entry_crystal, gauntlet_entry_generic,
          uniq_azrael, uniq_fannar
D:13:     layout_roguey, kennysheep_minor_cross
D:14:     layout_small_grid, lightli_vaults_fourway_checkpoint,
          nrook_mini_backslash
D:15:     hellmonk_depths_entry_around_the_bend, layout_basic,
          chequers_mini_garden
Lair:1:   layout_big_grid, uniq_gastronok
Lair:2:   gammafunk_worm_tunnel, layout_chaotic_city
Lair:3:   layout_cave_pods, alex1729_swamp_entry_worm_eleionoma,
          minmay_snake_entry_six_corridors, uniq_kirke
Lair:4:   layout_layer_cave, nicolae_slime_entry_slimehenge, special_room
          [special_room_mythical_zoo], grunt_megastairs_2
Lair:5:   evilmike_catoblepas_cave, layout_small_grid,
          pdpol_lair_cabin_in_the_woods, infiniplex_staircase_pool
Swamp:1:  layout_basic_swamp, evilmike_swamp_ruin_house_4, swamp_pool1
Swamp:2:  layout_basic_swamp, evilmike_swamp_ruin_rubble_1, swamp_pool5,
          uniq_frances
Swamp:3:  layout_basic_swamp, gammafunk_ghost_berserking_beasts,
          hangedman_swamp_lotus, swamp_pool1
Swamp:4:  swamp_basic_johnstein, layout_basic_swamp
Snake:1:  layout_honeycomb, serial_bayou_shore_a, uniq_aizul
Snake:2:  layout_chambers, special_room, minmay_shop_star
Snake:3:  layout_basic, nicolae_snake_double_loop, nicolae_snake_gridmaze_waves,
          minmay_shoptagon
Snake:4:  grunt_snake_rune_spirals, layout_onion, serial_shops,
          nicolae_shop_back_alley_shop, nicolae_shop_overgrown_old_shop, shop,
          shop, nicolae_snake_gridmaze_spiral, uniq_roxanne, uniq_vashnia,
          uniq_louise
Orc:1:    layout_caves, serial_shops, shop
Orc:2:    st_orc_open, layout_caves, basic_altar, uniq_saint_roka
Elf:1:    layout_geoelf_diagonals, basic_altar, minmay_elf_crystal_heptagon,
          grunt_ministairs_7
Elf:2:    elven_hall_of_blades_hangedman_alternative
          [nicolae_blade_entry_sentries_behind_glass], layout_geoelf_grid,
          ploomutoo_gammafunk_ghost_potion_laboratory, minivault_4,
          nicolae_concentric_dashed_squares_wild, minmay_shop_grove, uniq_agnes
Elf:3:    minmay_elf_hall_hex, layout_gridlike, serial_sigils,
          serial_sigils_hangedman_writhe, serial_sigils_hangedman_carve,
          serial_sigils_hangedman_snap, serial_sigils_hangedman_gut,
          serial_sigils_hangedman_quiver, uniq_bai_suzhen
Vaults:1: v_misc_30, nicolae_vaults_know_your_exits,
          nicolae_vaults_tetromino_L_1, nicolae_vaults_storage_closets_2,
          nicolae_vaults_circle_grid_b, v_alt_pattern_6,
          vaults_dpeg_emergency_exit, ontoclasm_vaults_misaligned,
          nicolae_vaults_trapezoid_2, nicolae_vaults_spaceships,
          vaults_room_grid, nicolae_vaults_hexular_roomagon,
          nicolae_vaults_big_angled_halls, hangedman_vaults_stagger, v_misc_11,
          layout_vaults_maze_bifur
Vaults:2: nicolae_vaults_border_crossing, hangedman_vaults_pinch,
          minmay_crypt_entry_simple_round, v_misc_5, v_misc_18,
          ontoclasm_vaults_bender, nicolae_vaults_tetromino_Z_2,
          nicolae_vaults_double_plus_2, nicolae_vaults_diamond_1,
          layout_vaults_omnigrid, serial_shops, shop, shop, shop
Vaults:3: nicolae_vaults_house_2, hangedman_vaults_corner_blocks,
          dpeg_vaults_monster_box, nicolae_vaults_little_squares_4,
          layout_vaults_chaotic_city, serial_shops,
          nicolae_shop_window_shopping, uniq_donald, uniq_norris
Vaults:4: biasface_ghost_orc_armoury, nicolae_vaults_trapezoid_lopsided_1,
          nicolae_vaults_lightning_bolt, nicolae_vaults_swerve,
          vaults_room_grunt_arrival_ludios, nicolae_vaults_oval_intersection,
          hangedman_vaults_variations, vaults_room_stairs_pillars,
          sword_in_stone, ontoclasm_vaults_ring_small,
          nicolae_vaults_surprise_closet, nicolae_vaults_closet_pinwheel_4,
          layout_vaults_omnibox

Skill      XL: |  1  2  3  4  5  6  7  8  9 10 11 12 13 14 15 16 17 18 19 20 21 |
---------------+----------------------------------------------------------------+-----
Stealth        | 1 2 6 7 8 10 11 12 14 15 17 19 21 22 23 24 | 24.0
Fighting       | 4 5 6 7 8 9 10 11 12 | 12.9
Short Blades   | 4 5 6 7 8 9 10 11 12 13 14 15 | 15.4
Dodging        | 3 4 5 6 7 8 9 10 12 13 14 | 14.1
Evocations     | 1 3 5 6 7 |  7.9
Shields        | 1 2 4 5 6 7 8 10 11 | 11.6
Shapeshifting  | 1 3 4 5 7 8 9 10 12 14 15 16 18 21 | 21.0

Action                     |  1- 3 |  4- 6 |  7- 9 | 10-12 | 13-15 | 16-18 | 19-21 | 22-24 || total
---------------------------+-------+-------+-------+-------+-------+-------+-------+-------++-------
  Melee: Short sword       |    60 |    38 |     9 |       |       |       |       |       ||   107
         Constrict         |    15 |     9 |    41 |    65 |    91 |    99 |   111 |     2 ||   433
         Tentacles         |    10 |     7 |    53 |   113 |   205 |   217 |   349 |     3 ||   957
         Punch             |     1 |       |     3 |     5 |    10 |    12 |    25 |       ||    56
         Kick              |     1 |    11 |    99 |   175 |   339 |   364 |   639 |     8 ||  1636
         Rapier            |       |       |   244 |   430 |   736 |   765 |  1116 |    10 ||  3301
         Bite              |       |       |    29 |    63 |   128 |   136 |   233 |     3 ||   592
         Maw               |       |       |       |       |    20 |   302 |   180 |       ||   502
  Evoke: Wand              |       |       |       |       |     6 |       |       |       ||     6
         Box of beasts     |       |       |       |       |     1 |       |       |       ||     1
         Condenser vane    |       |       |       |       |       |       |     2 |       ||     2
    Use: Potion            |       |     5 |       |     1 |     6 |     1 |     1 |       ||    14
         Scroll            |       |       |     8 |    10 |     9 |     5 |     6 |     1 ||    39
   Stab: Sleeping          |    10 |     6 |    29 |    42 |    63 |   112 |    85 |       ||   347
         Paralysed         |       |       |     1 |       |     1 |     1 |       |       ||     3
         Distracted        |       |       |       |     6 |     6 |    10 |    12 |       ||    34
         Confused          |       |       |       |     1 |     3 |     3 |    11 |       ||    18
         Invisible         |       |       |       |       |    40 |     3 |       |       ||    43
         Petrifying        |       |       |       |       |     1 |       |       |       ||     1
 Armour: Skin              |    18 |    20 |   114 |   190 |   209 |   313 |   568 |    39 ||  1471
  Dodge: Dodged            |    21 |    18 |   139 |   291 |   270 |   336 |   689 |    31 ||  1795
  Block: Other             |       |       |    34 |    11 |       |       |       |       ||    45
         Buckler           |       |       |       |   177 |   155 |   148 |    67 |       ||   547
         Kite shield       |       |       |       |       |       |       |   624 |    16 ||   640
   Form: Maw               |       |       |       |       |     1 |       |       |       ||     1
         Statue            |       |       |       |       |       |       |     1 |       ||     1

Table legend: (Time is in decaauts)
 A = Elapsed time spent in this place.
 B = Non-inter-level travel time spent in this place.
 C = Inter-level travel time spent in this place.
 D = Time resting spent in this place.
 E = Time spent auto-exploring this place.
 F = Levels seen in this place.
 G = Mean time per level.
                   A        B        C        D        E       F      G
               +--------+--------+--------+--------+--------+-----+--------+
         Total |  45594 |  41815 |   3779 |   9048 |  24033 |  40 | 1139.8 |
       Dungeon |  18488 |  16658 |   1830 |   6041 |   8340 |  15 | 1232.5 |
          Lair |   6235 |   5216 |   1019 |    606 |   3460 |   5 | 1247.0 |
         Swamp |   2067 |   1951 |    116 |    159 |   1227 |   4 |  516.8 |
     Snake Pit |   5302 |   5124 |    178 |    453 |   3324 |   4 | 1325.5 |
  Orcish Mines |   2144 |   1892 |    252 |    642 |    815 |   2 | 1072.0 |
   Elven Halls |   4342 |   4168 |    174 |    508 |   2571 |   3 | 1447.3 |
        Vaults |   5291 |   5084 |    207 |    108 |   3775 |   4 | 1322.8 |
         Sewer |    241 |    241 |      0 |      0 |    144 |   1 |  241.0 |
        Bailey |    773 |    773 |      0 |    344 |    146 |   1 |  773.0 |
      Gauntlet |    708 |    708 |      0 |    187 |    230 |   1 |  708.0 |
               +--------+--------+--------+--------+--------+-----+--------+

Top non-repeatable levels by time:
     D:1: 5302 daAuts
   Elf:3: 2240 daAuts
 Snake:4: 2118 daAuts
Vaults:1: 1640 daAuts
  Lair:5: 1629 daAuts
    D:10: 1620 daAuts
Vaults:2: 1615 daAuts
Vaults:3: 1566 daAuts
   Orc:2: 1520 daAuts
  Lair:4: 1367 daAuts
   Elf:2: 1337 daAuts
     D:5: 1281 daAuts
 Snake:2: 1202 daAuts
     D:7: 1135 daAuts
     D:2: 1110 daAuts
